Map: Daybreak LE (Void)

Players

Fropez

  • Race: Protoss Protoss
  • League: Gold
  • Spawn Location: 1:00

TheLazyNinja - Winner!

  • Race: Terran Terran
  • League: Diamond
  • Spawn Location: 7:00

VOD

Have the link to the VOD?

Description

Time

  • Played on: Nov. 29, 2016, 12:17 p.m.
  • Length: 4:52
Show
View Real Time Build Order
Export as new Build Order

Fropez Protoss 

Build Orders: Oracle Opening 

Get SALT Encoding   

  12  0:01  Probe (Chrono Boost)  
  13  0:12  Assimilator  
  13  0:15  Probe (Chrono Boost)  
  14  0:26  Probe (Chrono Boost)  
  15  0:29  Pylon  
  15  0:45  Assimilator  
  15  0:47  Probe (Chrono Boost)  
  16  0:55  Gateway  
  16  0:58  Probe (Chrono Boost)  
  17  1:08  Probe (Chrono Boost)  
  18  1:19  Probe (Chrono Boost)  
  19  1:28  Pylon  
  19  1:30  Probe (Chrono Boost)  
  20  1:42  Cybernetics Core  
  20  1:44  Probe (Chrono Boost)  
  21  1:49  Cybernetics Core  
  21  1:55  Probe (Chrono Boost)  
  22  2:05  Probe (Chrono Boost)  
  22  2:23  Stargate  
  22  2:25  Stargate  
  23  2:53  Mothership Core (Chrono Boost)  
  22  3:06  Oracle (Chrono Boost)  
  25  3:16  Probe  
  26  3:40  Oracle (Chrono Boost)  
  28  3:57  Pylon  
  28  4:04  Pylon  
  26  4:15  Probe  
  26  4:26  Nexus  
  26  4:27  Probe  
Show
View Real Time Build Order
Export as new Build Order

TheLazyNinja Terran - Winner!

Build Orders: Reaper Expand 

Get SALT Encoding   

  12  0:01  SCV  
  13  0:13  SCV  
  14  0:18  Supply Depot  
  14  0:25  SCV  
  15  0:31  Refinery  
  15  0:40  SCV  
  16  0:45  Barracks  
  16  0:52  SCV  
  17  1:04  SCV  
  18  1:16  SCV  
  19  1:32  Reaper  
  20  1:33  Orbital Command  
  20  1:48  Command Center  
  20  1:51  Supply Depot  
  20  1:59  SCV  
  21  2:06  Barracks  
  21  2:16  Barracks Reactor  
  21  2:18  SCV  
  22  2:25  Refinery  
  22  2:30  SCV, Factory  
  23  2:42  SCV  
  24  2:54  SCV  
  25  3:02  Orbital Command  
  25  3:03  Marine x2  
  25  3:05  Barracks Tech Lab  
  27  3:07  SCV  
  28  3:18  Starport  
  28  3:19  Factory Reactor  
  28  3:21  Marine  
  28  3:22  Marine  
  28  3:26  SCV  
  31  3:29  Marine  
  32  3:40  SCV  
  33  3:50  Orbital Command  
  33  3:53  Marine x2, SCV  
  33  3:54  Marine  
  37  4:13  Marine x2  
  37  4:15  Medivac x2  
  43  4:19  SCV  
Tags
 
Add a new tag
Caveats
  • Supply blocks, unpowered buildings, or Contaminate may cause inaccurate times.
  • Supply counts are checked every 10 seconds.